 Dungeon Crawl Stone Soup version 0.30.1-11-g7821555f0a (webtiles) character file.

Game seed: 4093056415455457205

95 Dordric the Chopper (level 4, -2/39 HPs)
             Began as a Hill Orc Monk on Oct 30, 2023.
             Slain by Grinder (6 damage)
             ... while paralysed by Grinder
             ... on level 3 of the Dungeon.
             The game lasted 00:01:18 (1570 turns).

Dordric the Chopper (Hill Orc Monk)                 Turns: 1570, Time: 00:01:18

Health: -2/39      AC:  3    Str: 15    XL:     4   Next: 65%
Magic:  6/6        EV:  2    Int: 10    God:
Gold:   65         SH:  0    Dex: 13    Spells: 3/3 levels left

rFire   . . .        j - +0 war axe
rCold   . . .        d - orb {light}
rNeg    . . .        l - +0 leather armour
rPois   .            (no helmet)
rElec   .            (no cloak)
rCorr   .            (no gloves)
SInv    .            (no boots)
Will    .....        (no amulet)
Stlth   +            (no ring)
HPRegen 0.26/turn    (no ring)
MPRegen 0.10/turn

%: no passive effects
@: paralysed, glowing
A: no striking features
a: no special abilities


You were on level 3 of the Dungeon.
You visited 1 branch of the dungeon, and saw 3 of its levels.

You collected 65 gold pieces.

Inventory:

Hand Weapons
 a - a +0 hand axe
 j - a +0 war axe (weapon)
Armour
 b - a +0 robe
 d - an orb of light (worn)
 l - a +0 leather armour (worn)
Jewellery
 i - a +6 ring of strength
 r - a ring of flight
Scrolls
 f - 2 scrolls of poison {unknown}
 h - 2 scrolls of identify {unknown}
 n - a scroll of teleportation {unknown}
 o - 2 scrolls of amnesia {unknown}
Potions
 c - a potion of ambrosia
 e - a potion of lignification {unknown}
 g - 4 potions of curing {unknown}
 k - a potion of invisibility {unknown}
 m - a potion of haste {unknown}
 p - a potion of magic {unknown}
 q - a potion of attraction {unknown}


   Skills:
 - Level 3.6 Fighting
 + Level 5.6 Axes
 - Level 2.4 Dodging
 + Level 3.7 Invocations


You had 3 spell levels left.
You didn't know any spells.
Your spell library contained the following spells:

 Spells                   Type           Power      Damage    Failure   Level
 Ignite Poison            Fire/Tmut/Pois 0%         N/A       80%         3
 Sticky Flame             Conj/Fire      0%         2d3       99%         4
 Ignition                 Fire           0%         3d3       100%        8


Dungeon Overview and Level Annotations

Branches:
Dungeon (3/15)

Altars:
Ru
Xom

Annotations:
D:3 Grinder


Message History

Grinder is moderately wounded.
Grinder hits you but does no damage.
You hit Grinder but do no damage.
Grinder is moderately wounded.
Grinder gestures at you. Pain shoots through your body! Grinder hits you!
You writhe in agony.
You are too injured to fight recklessly!
You are too injured to fight recklessly!
You are too injured to fight recklessly!
You are too injured to fight recklessly!
You are too injured to fight recklessly!
You are too injured to fight recklessly!
You are too injured to fight recklessly!
You are too injured to fight recklessly!
You are too injured to fight recklessly!
You are too injured to fight recklessly!
You are too injured to fight recklessly!
You are too injured to fight recklessly!
You are too injured to fight recklessly!
You are too injured to fight recklessly!
You are too injured to fight recklessly!
You are too injured to fight recklessly!
You are too injured to fight recklessly!
Unknown command.
You hit Grinder but do no damage.
Grinder is moderately wounded.
Grinder hits you.
You writhe in agony.
* * * LOW HITPOINT WARNING * * *
You barely miss Grinder.
Grinder is moderately wounded.
Grinder hits you!
* * * LOW HITPOINT WARNING * * *
You closely miss Grinder.
Grinder is moderately wounded.
Grinder hits you but does no damage.
You hit Grinder but do no damage.
Grinder is moderately wounded.
Grinder gestures at you.
You suddenly lose the ability to move!
Grinder hits you.
You die...

# # $.
####################### ...
.......................
#... #####...##############
.....####...## #.....###.
#...........######.........
.......................####
#.##........######......#
####...@5#...........###
.............#....###....
..........#.......# #####
...............)...###
.............##...†..## #
.............##....#..## #
..............#....##..# #
.......>..........###.###
.##...........


You could see Grinder.

Vanquished Creatures
  An orc wizard (D:3)
  An adder (D:3)
  A dart slug (D:3)
  3 orcs (D:3)
  4 bats
  6 endoplasms (D:1)
  2 giant cockroaches
  6 hobgoblins
  5 jackals (D:1)
  4 kobolds
  A quokka (D:3)
  5 ball pythons
  4 frilled lizards
  A goblin (D:3)
  9 rats
53 creatures vanquished.

Notes
Turn   | Place    | Note
-------+----------+-------------------------------------------
     0 | D:1      | Dordric the Hill Orc Monk began the quest for the Orb.
     0 | D:1      | Reached XP level 1. HP: 19/19 MP: 1/1
   209 | D:1      | Reached skill level 1 in Invocations
   238 | D:1      | Reached XP level 2. HP: 26/26 MP: 1/3
   918 | D:1      | Reached XP level 3. HP: 31/31 MP: 4/4
  1124 | D:2      | Reached skill level 5 in Axes
  1147 | D:2      | You fall into a shaft and drop 1 floor!
  1149 | D:3      | Found a sacrificial altar of Ru.
  1155 | D:3      | Found a shimmering altar of Xom.
  1219 | D:3      | Reached XP level 4. HP: 23/39 MP: 6/6
  1561 | D:3      | Noticed Grinder
  1570 | D:3      | Paralysed by Grinder for 2 turns
  1570 | D:3      | Slain by Grinder

Illustrated notes

Levels and vault maps discovered:
D:1:      spicycebolla_arrival_ecumenical, layout_basic,
          amcnicky_mini_pool_small, grunt_decor_clamped, minmay_rat_gold_closets
D:2:      minmay_recursive_quarters, layout_basic, minmay_misc_feat_room
D:3:      layout_rooms, nicolae_qazlal_beasts_of_the_sky,
          nicolae_ru_awakened_eye, xom_confusion_cloud, serial_shops,
          nicolae_shop_gaudy_bauble, uniq_grinder

Skill      XL: |  1  2  3 |
---------------+----------+-----
Invocations    | 1 2 3 |  3.7
Axes           | 5 |  5.6
Fighting       | |  3.6
Dodging        | |  2.4

Action                     |  1- 3 |  4- 6 || total
---------------------------+-------+-------++-------
  Melee: Hand axe          |    26 |       ||    26
         War axe           |    64 |    31 ||    95
 Armour: Robe              |     8 |       ||     8
         Leather armour    |    10 |     6 ||    16
  Dodge: Dodged            |    53 |    15 ||    68
